[Event "ETCC Women 2013"]
[Site "Warsaw"]
[Date "2013.11.14"]
[Round "6"]
[White "Paehtz, Elisabeth"]
[Black "Worek, Joanna"]
[Result "0-1"]
[ECO "A06"]
[WhiteElo "2449"]
[BlackElo "2336"]
[PlyCount "94"]
[EventDate "2013.??.??"]
[EventCountry "POL"]
[WhiteTeam "Germany"]
[BlackTeam "Poland"]
[WhiteTeamCountry "GER"]
[BlackTeamCountry "POL"]
[TimeControl "40/5400+30:1800+30"]

1. Nf3 d5 2. c4 e6 3. b3 Nf6 4. g3 Be7 5. Bg2 O-O 6. Bb2 c5 7. O-O d4 8. e3 Nc6 9. exd4 cxd4 10. Re1 Re8 11. d3 Bf8 12. Ne5 Nxe5 13. Rxe5 a5 14. Na3 Bd6 15. Re2 e5 16. Nb5 Bg4 17. f3 Bf5 18. Qd2 Bb4 19. Qg5 g6 20.
Rd1 Bf8 21. a3 h6 22. Qd2 Bd7 23. a4 Kh7 24. Bc1 Ng8 25. Rf1 Bf5 26. f4 Bb4 27. Qc2 e4 28. Bxe4 Bxe4 29. Rxe4 Rxe4 30. dxe4 d3 31. Qd1 d2 32. Bb2 Qd3 33. f5 Qe3+ 34. Kg2 Qxe4+ 35. Kh3 Rd8 36. fxg6+ Qxg6 37. Qf3 h5 38. Nd4 Nh6 39. Kg2 Bc5 40. Rd1 Bxd4 41. Rxd2 Bb6 42. Rxd8 Bxd8 43. Qc3 Qe4+ 44. Kh3 f6 45. Qd2 Nf7 46. Qd7 Kg6 47. Bc1 Qe2 0-1

[Event "ETCC Women 2013"]
[Site "Warsaw"]
[Date "2013.11.14"]
[Round "6"]
[White "Pavlidou, Ekaterini"]
[Black "Goossens, Hanne"]
[Result "0-1"]
[ECO "E46"]
[WhiteElo "2199"]
[BlackElo "2069"]
[PlyCount "102"]
[EventDate "2013.??.??"]
[EventCountry "POL"]
[WhiteTeam "Greece"]
[BlackTeam "Belgium"]
[WhiteTeamCountry "GRE"]
[BlackTeamCountry "BEL"]
[TimeControl "40/5400+30:1800+30"]

1. d4 Nf6 2. c4 e6 3. Nc3 Bb4 4. e3 O-O 5. Nge2 Re8 6. a3 Bf8 7. Ng3 d5 8. Bd3 a5 9. O-O Nbd7 10. Re1 c5 11. b3 b6 12. cxd5 exd5 13. Nb5 Bb7 14. Nf5 Re6 15. Bb2 g6 16. Ng3 Rc8 17. Rc1 Nb8 18. Rc2 Qe8 19. Qa1 Nbd7 20.
Rec1 Qd8 21. Ne2 a4 22. Nf4 axb3 23. Nxe6 fxe6 24. Rd2 c4 25. Bb1 Ra8 26. f3 Bc6 27. Nc3 b5 28. Re1 b4 29. Ne2 bxa3 30. Bc3 a2 31. Bxa2 bxa2 32. Rxa2 Rxa2 33. Qxa2 Qc8 34. Rb1 Ne8 35. Nf4 Nc7 36. Qa5 Kf7 37.
g3 Be7 38. h4 Ne8 39. Qa2 Nd6 40. Bb4 e5 41. dxe5 Nxe5 42. Kf2 Qf5 43. Bxd6 Bxd6 44. Rb6 Bc5 45. Rb8 d4 46. g4 dxe3+ 47. Kg3 Qd7 48. Qa5 Bxf3 49. Ne6 Qxe6 50. Qc7+ Be7 51. Qc8 Qxc8 0-1

[Event "ETCC Women 2013"]
[Site "Warsaw"]
[Date "2013.11.14"]
[Round "6"]
[White "Peng, Zhaoqin"]
[Black "Iwanow, Anna"]
[Result "1-0"]
[ECO "D85"]
[WhiteElo "2378"]
[BlackElo "2206"]
[PlyCount "55"]
[EventDate "2013.??.??"]
[EventCountry "POL"]
[WhiteTeam "Netherlands"]
[BlackTeam "Poland"]
[WhiteTeamCountry "NED"]
[BlackTeamCountry "POL"]
[TimeControl "40/5400+30:1800+30"]

1. d4 Nf6 2. c4 g6 3. Nc3 d5 4. cxd5 Nxd5 5. Bd2 Nb6 6. e3 Bg7 7. f4 N8d7 8.
Nf3 c5 9. d5 f5 10. Qb3 O-O 11. Rd1 c4 12. Bxc4 Nc5 13. Qb5 Qd6 14. Be2 Bd7 15.
Qa5 Rfc8 16. O-O h6 17. Ne5 a6 18. Qb4 Be8 19. e4 Kh8 20. exf5 gxf5 21. Be3
Ncd7 22. Qd4 Rc7 23. Rf3 Nc8 24. Rg3 Nxe5 25. Rxg7 Kxg7 26. fxe5 Qg6 27. d6 Bc6
28. g3 1-0

[Event "ETCC Women 2013"]
[Site "Warsaw"]
[Date "2013.11.14"]
[Round "6"]
[White "Ptacnikova, Lenka"]
[Black "Tuominen, Tanja"]
[Result "1-0"]
[ECO "A06"]
[WhiteElo "2238"]
[BlackElo "2105"]
[PlyCount "71"]
[EventDate "2013.??.??"]
[EventCountry "POL"]
[WhiteTeam "Iceland"]
[BlackTeam "Finland"]
[WhiteTeamCountry "ISL"]
[BlackTeamCountry "FIN"]
[TimeControl "40/5400+30:1800+30"]

1. Nf3 d5 2. g3 Nf6 3. Bg2 g6 4. d4 Bg7 5. O-O O-O 6. Ne5 c5 7. dxc5 Qc7 8. Nd3 e5 9. Nc3 Be6 10. Nb5 Qa5 11. a4 e4 12. b4 Qd8 13.
Nf4 Nc6 14. Nxe6 fxe6 15. Rb1 a5 16. c3 Ne8 17. Bh3 Qe7 18.
Be3 axb4 19. cxb4 Be5 20. a5 Ng7 21. Bd2 Rad8 22. e3 Nf5 23.
Qc2 Nh4 24. Bc3 Nf3+ 25. Kh1 Bb8 26. Nd4 Ncxd4 27. exd4 h5 28. b5 h4 29. a6 hxg3 30. fxg3 bxa6 31. bxa6 Ng5 32. Bg4 Rxf1+ 33. Rxf1 Qh7 34. Kg2 Re8 35. Qa4 Re7 36. Qc6 1-0

[Event "ETCC Women 2013"]
[Site "Warsaw"]
[Date "2013.11.14"]
[Round "6"]
[White "Rakic, Marija"]
[Black "Voiska, Margarita"]
[Result "0-1"]
[ECO "A41"]
[WhiteElo "2291"]
[BlackElo "2298"]
[PlyCount "54"]
[EventDate "2013.??.??"]
[EventCountry "POL"]
[WhiteTeam "Serbia"]
[BlackTeam "Bulgaria"]
[WhiteTeamCountry "SRB"]
[BlackTeamCountry "BUL"]
[TimeControl "40/5400+30:1800+30"]

1. d4 d6 2. c4 e5 3. Nf3 e4 4. Ng5 f5 5. Nc3 Be7 6. Nh3 Nf6 7. g3 O-O 8. Bg2 c5 9. d5 Nbd7 10. O-O Ne5 11. b3 Nh5 12. f3 Bf6 13. Bb2 Qe7 14. Qc2 Bd7 15.
Nf2 e3 16. Nh3 h6 17. f4 Ng4 18. Nd1 Rae8 19. Bf3 Bxb2 20. Nxb2 Nhf6 21. Kg2 Nh7 22. Ng1 g5 23. fxg5 hxg5 24. Bxg4 fxg4 25. Qg6+ Kh8 26. Qd3 Qe5 27. Rab1 Rf2+ 0-1

[Event "ETCC Women 2013"]
[Site "Warsaw"]
[Date "2013.11.14"]
[Round "6"]
[White "Rautanen, Sari"]
[Black "Kristinardottir, Elsa Maria"]
[Result "1-0"]
[ECO "A05"]
[WhiteElo "1956"]
[BlackElo "1819"]
[PlyCount "103"]
[EventDate "2013.??.??"]
[EventCountry "POL"]
[WhiteTeam "Finland"]
[BlackTeam "Iceland"]
[WhiteTeamCountry "FIN"]
[BlackTeamCountry "ISL"]
[TimeControl "40/5400+30:1800+30"]

1. Nf3 Nf6 2. g3 g6 3. Bg2 Bg7 4. O-O O-O 5. c4 d5 6. cxd5 Nxd5 7. d4 c6 8.
e4 Nf6 9. Nc3 Re8 10. h3 Nbd7 11. e5 Nd5 12. Nxd5 cxd5 13. Bf4 Qb6 14. Qd2 Nf8 15. Rac1 Bd7 16. Rc3 Rac8 17. Rfc1 Rc6 18. Be3
Rec8 19. Kh2 Rxc3 20. Rxc3 Rxc3 21. Qxc3 Qc6 22. Qa3 Qb6 23. Qxe7 Qxb2 24. a3 h6 25. Qc5 Bc6 26. Qxa7 Ne6 27. h4 Qe2 28. Nd2 Qd1 29. Nf3 Qe2 30. Qa5 Qa2 31. Bh3 Bf8 32. Bxe6 fxe6 33. Qd8 Qxa3 34. Qf6 Be8 35. Qxe6+ Bf7 36. Qd7 Qa6 37. Qd8 Qf1 38. Qc8 Qc4 39. Qxb7 Be6 40. Qb1 Bf5 41. Qc1 Qe2 42. Ng1 Qa2 43. Nh3 h5 44. Ng5 Be7 45. Nh3 Ba3 46. Qc6 Kf7 47.
Ng5+ Ke7 48. Qc7+ Ke8 49. e6 Bxe6 50. Nxe6 Be7 51. Nf4 Qc4 52. Qe5 1-0

[Event "ETCC Women 2013"]
[Site "Warsaw"]
[Date "2013.11.14"]
[Round "6"]
[White "Reppen, Ellisiv"]
[Black "Borsuk, Angela"]
[Result "0-1"]
[ECO "B01"]
[WhiteElo "2008"]
[BlackElo "2186"]
[PlyCount "108"]
[EventDate "2013.??.??"]
[EventCountry "POL"]
[WhiteTeam "Norway"]
[BlackTeam "Israel"]
[WhiteTeamCountry "NOR"]
[BlackTeamCountry "ISR"]
[TimeControl "40/5400+30:1800+30"]

1. e4 d5 2. exd5 Qxd5 3. Nc3 Qd6 4. d4 Nf6 5. Nf3 a6 6. h3 e6 7. Bd3 Be7 8. Be3 Nbd7 9. Qd2 c5 10. Bf4 Qb6 11. Na4 Qb4 12. Qxb4 cxb4 13. c4 bxc3 14. Nxc3 O-O 15. O-O b5 16. Rac1 Bb7 17. Ne5 Rfd8 18.
Be2 Rac8 19. Bf3 Bxf3 20. Nxf3 Nb6 21. Ne2 Nfd5 22. Bh2 Na4 23. b3 Nac3 24. Nxc3 Rxc3 25. Rxc3 Nxc3 26. a4 b4 27. Bc7 Rc8 28.
Bb6 f6 29. Re1 Kf7 30. Nd2 Nd5 31. Ba5 Rc3 32. Rb1 Rd3 33. Nf3 Nf4 34. Ne1 Rc3 35. Kh2 Ne2 36. Nf3 Bd6+ 37. Kh1 Rc2 38. Ne1 Rd2 39. Nf3 Rd3 40. Bb6 Nc3 41. Rc1 Ke7 42. Bc5 Bxc5 43. dxc5 Kd7 44. Re1 e5 45. Rxe5 Rxf3 46. c6+ Kxc6 47. Re6+ Kd5 48. Rxa6 Rxf2 49. Ra7 Rb2 50. Rxg7 Rxb3 51. Rxh7 Nxa4 52. h4 Rc3 53. h5 b3 54. Rd7+ Ke6 0-1

[Event "ETCC Women 2013"]
[Site "Warsaw"]
[Date "2013.11.14"]
[Round "6"]
[White "Rudolf, Anna"]
[Black "Voicu-Jagodzinsky, Carmen"]
[Result "1-0"]
[ECO "B42"]
[WhiteElo "2281"]
[BlackElo "2275"]
[PlyCount "123"]
[EventDate "2013.??.??"]
[EventCountry "POL"]
[WhiteTeam "Hungary"]
[BlackTeam "Romania"]
[WhiteTeamCountry "HUN"]
[BlackTeamCountry "ROU"]
[TimeControl "40/5400+30:1800+30"]

1. e4 c5 2. Nf3 e6 3. d4 cxd4 4. Nxd4 a6 5. Bd3 Nf6 6. O-O Qc7 7. Qe2 d6 8.
c4 g6 9. Nc3 Bg7 10. Nf3 Nbd7 11. Bf4 Ng4 12. Rac1 Nge5 13. Rfd1 O-O 14. Qe3 Nxf3+ 15. Qxf3 Ne5 16. Qe3 Bd7 17. Be2 Rfd8 18. Bg5 f6 19. Bh6 Nf7 20. Bxg7 Kxg7 21. Kh1 Rac8 22. f4 Qc5 23. Qg3 b5 24. e5 f5 25. exd6 b4 26. Nb1 Nxd6 27. Nd2 Ba4 28. b3 Bc6 29. Bf3 Bxf3 30.
Qxf3 Rc7 31. h3 Rcd7 32. Qe2 Nf7 33. Nf3 Rxd1+ 34. Rxd1 Rxd1+ 35.
Qxd1 Qe3 36. Qd4+ Qxd4 37. Nxd4 e5 38. Nc6 exf4 39. Nxb4 a5 40.
Nc6 a4 41. b4 Nd6 42. Na5 Kf6 43. b5 Ke7 44. b6 Kd7 45. c5 Ne4 46. c6+ Kc8 47. Nc4 g5 48. a3 g4 49. Ne5 Nc5 50. hxg4 fxg4 51. Nxg4 Nd3 52. Kg1 h5 53. Nf6 Ne5 54. b7+ Kc7 55. Nd5+ Kb8 56. Nb4 Ka7 57. Kf2 h4 58. Ke2 f3+ 59. gxf3 h3 60. Kf2 h2 61. Kg2 Nxf3 62.
Na6 1-0

[Event "ETCC Women 2013"]
[Site "Warsaw"]
[Date "2013.11.14"]
[Round "6"]
[White "Saric, Kristina"]
[Black "Revo, Tatiana"]
[Result "0-1"]
[ECO "B52"]
[WhiteElo "2250"]
[BlackElo "2075"]
[PlyCount "58"]
[EventDate "2013.??.??"]
[EventCountry "POL"]
[WhiteTeam "Croatia"]
[BlackTeam "Belarus"]
[WhiteTeamCountry "CRO"]
[BlackTeamCountry "BLR"]
[TimeControl "40/5400+30:1800+30"]

1. e4 c5 2. Nf3 d6 3. Bb5+ Bd7 4. Bxd7+ Qxd7 5. O-O Nc6 6. Qe2 Nf6 7. c3 e6 8. d4 cxd4 9. cxd4 d5 10. e5 Ne4 11. Be3 Be7 12. Ne1 f5 13.
f3 Ng5 14. Nd3 O-O 15. Nf4 Nf7 16. Nc3 g5 17. Nd3 f4 18. Bf2 Nh6 19. Nc5 Bxc5 20. dxc5 Rf5 21. Rad1 Qg7 22. Qd2 g4 23. Bd4 Rg5 24. fxg4 Nxd4 25. Qxd4 Rxg4 26. Rxf4 Rxg2+ 27. Kh1 Kh8 28.
Ne2 Rg8 29. Ng3 Rxh2+ 0-1

[Event "ETCC Women 2013"]
[Site "Warsaw"]
[Date "2013.11.14"]
[Round "6"]
[White "Savola, Laura"]
[Black "Thorsteinsdottir, Hallgerdur"]
[Result "0-1"]
[ECO "D86"]
[WhiteElo "2076"]
[BlackElo "1951"]
[PlyCount "94"]
[EventDate "2013.??.??"]
[EventCountry "POL"]
[WhiteTeam "Finland"]
[BlackTeam "Iceland"]
[WhiteTeamCountry "FIN"]
[BlackTeamCountry "ISL"]
[TimeControl "40/5400+30:1800+30"]

1. d4 Nf6 2. c4 g6 3. Nc3 d5 4. cxd5 Nxd5 5. e4 Nxc3 6. bxc3 Bg7 7. Bc4 c5 8. Ne2 Nc6 9. Be3 O-O 10. O-O Qc7 11. Rc1 b6 12. Qa4 Na5 13.
Bd3 Rd8 14. Rfd1 c4 15. Bb1 Bd7 16. Qa3 e5 17. dxe5 Qxe5 18. Bf4 Qe8 19. Nd4 Nb7 20. Qb4 Rdc8 21. Re1 Bf8 22. Qb2 Nc5 23. Rcd1 Ba4 24. Rd2 b5 25. Bg3 a5 26. e5 b4 27. f4 Ne6 28. Be4 bxc3 29. Qxc3 Bb4 30. Qc1 Bxd2 31. Qxd2 c3 32. Qc1 Nxd4 33. Bxa8 Rxa8 34. Qxc3 Nf5 35. Bf2 Qc6 36. Qd2 Qc2 37. Qxc2 Bxc2 38. g4 Ng7 39. Rc1 Be4 40. Rc7 Ne6 41. Rc4 Bd5 42. Ra4 Bc6 43. Rc4 Bb5 44.
Re4 Rc8 45. f5 Ng5 46. Re3 Rc1+ 47. Kg2 Bc6+ 0-1

[Event "ETCC Women 2013"]
[Site "Warsaw"]
[Date "2013.11.14"]
[Round "6"]
[White "Sebag, Marie"]
[Black "Sedina, Elena"]
[Result "1-0"]
[ECO "C08"]
[WhiteElo "2510"]
[BlackElo "2302"]
[PlyCount "97"]
[EventDate "2013.??.??"]
[EventCountry "POL"]
[WhiteTeam "France"]
[BlackTeam "Italy"]
[WhiteTeamCountry "FRA"]
[BlackTeamCountry "ITA"]
[TimeControl "40/5400+30:1800+30"]

1. e4 e6 2. d4 d5 3. Nd2 c5 4. exd5 exd5 5. Ngf3 Nf6 6. Bb5+ Bd7 7. Bxd7+ Nbxd7 8. O-O Be7 9. dxc5 Nxc5 10. Re1 O-O 11. Nf1 Re8 12. Be3 a5 13. c3 Nce4 14. Bd4 Bc5 15. Qc2 Rc8 16. Ne3 Bxd4 17. Nxd4 Qb6 18. Rad1 Nd6 19. Ndf5 Nxf5 20. Nxf5 Qc5 21. Qd2 Ne4 22. Qe3 g6 23.
Qxc5 Rxc5 24. Ne3 Nd6 25. Nc2 Rxe1+ 26. Nxe1 a4 27. Nd3 Rb5 28. Rd2 Ne4 29. Rc2 a3 30. b4 Rb6 31. f3 Nd6 32. Kf2 Rc6 33.
Ke3 d4+ 34. Kxd4 Nf5+ 35. Ke4 Rc4+ 36. Ke5 Ne3 37. Rd2 Kg7 38. Nc5 b6 39. Ne4 Rc7 40. Kd6 Rc8 41. Kd7 Rc4 42. Rd4 Rxd4+ 43. cxd4 f5 44. Nc3 Nxg2 45. d5 Kf6 46. d6 Nf4 47. Kc8 Ke5 48.
d7 Ne6 49. Nb5 1-0

[Event "ETCC Women 2013"]
[Site "Warsaw"]
[Date "2013.11.14"]
[Round "6"]
[White "Socko, Monika"]
[Black "Gunina, Valentina"]
[Result "1-0"]
[ECO "D45"]
[WhiteElo "2431"]
[BlackElo "2509"]
[PlyCount "115"]
[EventDate "2013.??.??"]
[EventCountry "POL"]
[WhiteTeam "Poland"]
[BlackTeam "Russia"]
[WhiteTeamCountry "POL"]
[BlackTeamCountry "RUS"]
[TimeControl "40/5400+30:1800+30"]

1. c4 e6 2. Nf3 d5 3. e3 Nf6 4. Nc3 c6 5. d4 a6 6. b3 Bb4 7. Bd2 Nbd7 8. Bd3 O-O 9. O-O Bd6 10. Qc2 h6 11. Rad1 e5 12. cxd5 cxd5 13. e4 dxe4 14. Nxe4 Nxe4 15. Bxe4 exd4 16. Nxd4 Nf6 17. Bf3 Bxh2+ 18. Kxh2 Qxd4 19. Kg1 Qh4 20. Be3 Bg4 21. Rd4 Rac8 22. Qd2 b5 23. Qb4 Rcd8 24. Rxg4 Nxg4 25. Qxg4 Qf6 26. Rc1 Rfe8 27. Rc6 Rd6 28. Rxd6 Qxd6 29. Qf5 Qe7 30. g3 Rd8 31. Kg2 Qd6 32. Be4 g6 33. Qf4 Qe6 34. Bb7 h5 35.
Bf3 Re8 36. Bd4 Rd8 37. Bb2 Kh7 38. Qb4 f5 39. Qc3 Qf7 40. Qe5 b4 41. Bc6 g5 42. Kh2 Kg6 43. Bd4 f4 44. Kg2 Kh6 45. gxf4 gxf4 46. Kh2 h4 47. Bf3 Re8 48. Qd6+ Kg5 49. Qxa6 h3 50. Qb5+ Kh6 51. Qxb4 Qg6 52. Bc3 Kg5 53. Qb5+ Kh6 54. Qd7 Re6 55. Bg7+ Kh7 56. Bf6+ Kh6 57. Qxe6 Qf5 58. Bg7+ 1-0

[Event "ETCC Women 2013"]
[Site "Warsaw"]
[Date "2013.11.14"]
[Round "6"]
[White "Srebrnic, Ana"]
[Black "Moser, Eva"]
[Result "1/2-1/2"]
[ECO "D02"]
[WhiteElo "2198"]
[BlackElo "2434"]
[PlyCount "83"]
[EventDate "2013.??.??"]
[EventCountry "POL"]
[WhiteTeam "Slovenia"]
[BlackTeam "Austria"]
[WhiteTeamCountry "SLO"]
[BlackTeamCountry "AUT"]
[TimeControl "40/5400+30:1800+30"]

1. Nf3 d5 2. d4 c5 3. c4 cxd4 4. Qxd4 Nf6 5. cxd5 Qxd5 6. Nc3 Qxd4 7. Nxd4 e5 8. Ndb5 Na6 9. g3 Bd7 10. Bg2 Bxb5 11. Nxb5 Bb4+ 12. Nc3 Bxc3+ 13. bxc3 O-O-O 14. Rb1 Nd5 15. Bb2 Nb6 16. c4 f6 17. Ba3 Nb8 18.
Be7 Rd4 19. c5 Nd5 20. e3 Rb4 21. Bh3+ Kc7 22. Bd6+ Kc6 23. Rxb4 Nxb4 24. Bg2+ Kb5 25. Bxb7 Nxa2 26. O-O Nb4 27. Rb1 a5 28. c6 N8xc6 29. Bxc6+ Kxc6 30. Bxb4 axb4 31. Rxb4 Ra8 32. Rc4+ Kd6 33. e4 Rd8 34. h4 Ke6 35. Rc6+ Rd6 36. Rc7 Rd7 37. Rc6+ Kf7 38. h5 g6 39. hxg6+ hxg6 40. Kg2 f5 41. exf5 gxf5 42. Kf3 1/2-1/2

[Event "ETCC Women 2013"]
[Site "Warsaw"]
[Date "2013.11.14"]
[Round "6"]
[White "Stefanova, Antoaneta"]
[Black "Bojkovic, Natasa"]
[Result "1-0"]
[ECO "A14"]
[WhiteElo "2494"]
[BlackElo "2405"]
[PlyCount "83"]
[EventDate "2013.??.??"]
[EventCountry "POL"]
[WhiteTeam "Bulgaria"]
[BlackTeam "Serbia"]
[WhiteTeamCountry "BUL"]
[BlackTeamCountry "SRB"]
[TimeControl "40/5400+30:1800+30"]

1. Nf3 Nf6 2. c4 e6 3. g3 d5 4. Bg2 Be7 5. O-O O-O 6. d4 dxc4 7. Ne5 Nc6 8.
Bxc6 bxc6 9. Nxc6 Qe8 10. Nxe7+ Qxe7 11. Qc2 e5 12. Rd1 Re8 13. d5 Ba6 14. Na3 Red8 15. Bg5 Qb4 16. Bxf6 gxf6 17. Qe4 Qxb2 18. Nxc4 Bxc4 19. Qxc4 Qb6 20. Rac1 Rd6 21. Qg4+ Kh8 22. Qh5 Rd7 23. Qf5 Qd6 24. Rd3 Qe7 25. Rc4 Rg8 26. Rh4 Rg6 27. g4 h6 28.
Rh5 Kg7 29. Qe4 Qc5 30. h4 Qc1+ 31. Kg2 Re7 32. Rf3 Re8 33. Rhf5 Re7 34. h5 Rg5 35. Rxf6 Qd2 36. Ra6 Rd7 37. Rd3 Qb2 38. Kh2 Qa1 39. Rg3 Qe1 40. Qf3 e4 41. Qf6+ Kg8 42. Rxa7 1-0

[Event "ETCC Women 2013"]
[Site "Warsaw"]
[Date "2013.11.14"]
[Round "6"]
[White "Stetsko, Lanita"]
[Black "Jelica, Mara"]
[Result "1/2-1/2"]
[ECO "B60"]
[WhiteElo "2226"]
[BlackElo "2252"]
[PlyCount "78"]
[EventDate "2013.??.??"]
[EventCountry "POL"]
[WhiteTeam "Belarus"]
[BlackTeam "Croatia"]
[WhiteTeamCountry "BLR"]
[BlackTeamCountry "CRO"]
[TimeControl "40/5400+30:1800+30"]

1. e4 c5 2. Nc3 Nc6 3. Nf3 d6 4. d4 cxd4 5. Nxd4 Nf6 6. Bg5 Qb6 7. Nb3 e6 8. Be2 a6 9. O-O Be7 10. Kh1 Qc7 11. a4 b6 12. Be3 O-O 13.
f4 Bb7 14. Bf3 Rac8 15. Qe1 Nd7 16. Qf2 Rfd8 17. Rad1 Rb8 18. Bh5 Ba8 19. f5 Nf6 20. fxe6 fxe6 21. Be2 Ne5 22. Nd4 Qc8 23. Bf4 Kh8 24. Qg3 Ng6 25. e5 dxe5 26. Bxe5 Nxe5 27. Qxe5 Rd6 28. Nf5 Rxd1 29. Rxd1 Bf8 30. Nd6 Qc6 31. Bf3 Bxd6 32. Rxd6 Qc4 33. Rd3 Re8 34. b3 Qh4 35. Bxa8 Rxa8 36. Qg3 Qh6 37. Qe3 Qh4 38. Qg3 Qh6 39. Qe3 Qh4 1/2-1/2

[Event "ETCC Women 2013"]
[Site "Warsaw"]
[Date "2013.11.14"]
[Round "6"]
[White "Toma, Katarzyna"]
[Black "Michna, Marta"]
[Result "1/2-1/2"]
[ECO "A46"]
[WhiteElo "2282"]
[BlackElo "2357"]
[PlyCount "61"]
[EventDate "2013.??.??"]
[EventCountry "POL"]
[WhiteTeam "Poland"]
[BlackTeam "Germany"]
[WhiteTeamCountry "POL"]
[BlackTeamCountry "GER"]
[TimeControl "40/5400+30:1800+30"]

1. d4 e6 2. Nf3 Nf6 3. Bg5 h6 4. Bh4 c5 5. e3 Be7 6. Nbd2 cxd4 7. exd4 O-O 8. c3 b6 9. Bd3 Bb7 10. O-O d6 11. a4 a6 12. Qe2 Nbd7 13. h3 Nh5 14. Bxe7 Qxe7 15. Qe3 Nhf6 16. Nc4 Nd5 17. Qd2 N7f6 18. Rfe1 Nh5 19. Be4 f5 20. Bc2 Ndf4 21. Qe3 Rf6 22. Kh2 Qc7 23. Bb3 Rg6 24. g3 Nd5 25. Qd3 Ndf4 26. Qe3 Nd5 27. Qe2 Ndf4 28. Qe3 Nd5 29. Qe2 Ndf4 30. Qe3 Nd5 31. Qe2 1/2-1/2

[Event "ETCC Women 2013"]
[Site "Warsaw"]
[Date "2013.11.14"]
[Round "6"]
[White "Umudova, Nargiz"]
[Black "Batkovskyte, Dominyka"]
[Result "1-0"]
[ECO "C13"]
[WhiteElo "2253"]
[BlackElo "2111"]
[PlyCount "71"]
[EventDate "2013.??.??"]
[EventCountry "POL"]
[WhiteTeam "Azerbaijan"]
[BlackTeam "Lithuania"]
[WhiteTeamCountry "AZE"]
[BlackTeamCountry "LTU"]
[TimeControl "40/5400+30:1800+30"]

1. e4 e6 2. d4 d5 3. Nc3 Nf6 4. Bg5 Be7 5. e5 Nfd7 6. h4 Bxg5 7. hxg5 Qxg5 8. Qd3 h6 9. Nh3 Qe7 10. Qg3 g6 11. O-O-O Nb6 12. Bd3 Nc6 13. Ng5 Nb4 14. a3 Nxd3+ 15. Rxd3 Bd7 16. Rf3 Rf8 17. Rxh6 O-O-O 18. Rh7 Be8 19. Rf6 c5 20. Nxe6 cxd4 21. Nxf8 Qxf8 22. Ne2 Qc5 23. Qg4+ Nd7 24. Rf3 Kb8 25. Qxd4 Qb5 26. Re3 Nb6 27. e6 fxe6 28. Rxe6 Bd7 29. Ree7 Rc8 30. Rh8 Qc6 31. Rxc8+ Nxc8 32. Rg7 Bf5 33. Qe5+ Ka8 34. Rc7 Qb6 35. Nd4 Qa6 36. Qxf5 1-0

[Event "ETCC Women 2013"]
[Site "Warsaw"]
[Date "2013.11.14"]
[Round "6"]
[White "Ushenina, Anna"]
[Black "Arabidze, Meri"]
[Result "1-0"]
[ECO "E32"]
[WhiteElo "2492"]
[BlackElo "2374"]
[PlyCount "117"]
[EventDate "2013.??.??"]
[EventCountry "POL"]
[WhiteTeam "Ukraine"]
[BlackTeam "Georgia"]
[WhiteTeamCountry "UKR"]
[BlackTeamCountry "GEO"]
[TimeControl "40/5400+30:1800+30"]

1. d4 Nf6 2. c4 e6 3. Nc3 Bb4 4. Qc2 O-O 5. Nf3 c5 6. dxc5 Na6 7. g3 Nxc5 8. Bg2 d6 9. O-O Bd7 10. Rd1 Rc8 11. Bf4 e5 12. Be3 Qe8 13.
Rac1 Bc6 14. Bh3 Rc7 15. Nh4 Bxc3 16. Qxc3 Bd7 17. Bg2 Bc6 18. Qa3 Bxg2 19. Nxg2 Rc6 20. Bxc5 dxc5 21. Qxa7 Qc8 22. Qa3 Qh3 23. f3 Ne8 24. Qe3 b6 25. Nh4 Nc7 26. Qe4 Rh6 27. Qg4 Qxg4 28. fxg4 Re6 29. Nf5 Na6 30. Rd7 Nb4 31. Ne7+ Kh8 32. a3 Nc6 33. Nxc6 Rxc6 34. Rcd1 Kg8 35. Kg2 h6 36. h3 Rb8 37. a4 Ra8 38. b3 Re8 39. Rf1 Rf8 40. Rfd1 Re6 41. R1d6 Rfe8 42. Kf3 e4+ 43. Ke3 g5 44. Rxe6 Rxe6 45. Ra7 Kf8 46. a5 bxa5 47. Rxa5 Rc6 48. Kxe4 Re6+ 49. Kd3 Rd6+ 50. Kc3 Re6 51. Rxc5 Re3+ 52. Kd4 Rxb3 53. e3 Rb2 54. Re5 f6 55. Re4 Rd2+ 56. Kc5 Rh2 57. Kd6 Rxh3 58. c5 Rh1 59. c6 1-0

[Event "ETCC Women 2013"]
[Site "Warsaw"]
[Date "2013.11.14"]
[Round "6"]
[White "Van Weersel, Arlette"]
[Black "Kiolbasa, Oliwia"]
[Result "0-1"]
[ECO "B41"]
[WhiteElo "2180"]
[BlackElo "1982"]
[PlyCount "110"]
[EventDate "2013.??.??"]
[EventCountry "POL"]
[WhiteTeam "Netherlands"]
[BlackTeam "Poland"]
[WhiteTeamCountry "NED"]
[BlackTeamCountry "POL"]
[TimeControl "40/5400+30:1800+30"]

1. e4 c5 2. Nf3 e6 3. d4 cxd4 4. Nxd4 a6 5. c4 Nf6 6. Nc3 Bb4 7. Bd3 Nc6 8.
Nc2 Be7 9. O-O O-O 10. Be3 d6 11. f4 Nd7 12. Qf3 Qc7 13. Rad1 Bf6 14. Qh3 g6 15. e5 dxe5 16. Ne4 exf4 17. Rxf4 Be7 18. Rff1 f5 19. Ng5 Nf6 20. Qh4 Ne5 21. Be2 Nf7 22. Nd4 Nxg5 23. Bxg5 e5 24. Nb3 Be6 25. Kh1 Rf7 26. Nd2 Rd8 27. Nf3 Rxd1 28. Rxd1 b6 29. b3 Bc8 30. c5 b5 31. b4 Be6 32. a3 Bb3 33. Re1 Ne4 34. Bxe7 Qxe7 35. Qxe7 Rxe7 36. Kg1 Bd5 37. Bd3 Kg7 38. Bc2 Kf6 39. Rd1 Nc3 40.
Rd3 Ne2+ 41. Kf2 Nf4 42. Re3 e4 43. Ne1 Bc4 44. Kg1 Nd5 45. Rh3 Nf4 46. Re3 g5 47. g4 Nd5 48. Rh3 f4 49. Rh6+ Ke5 50. Rxa6 f3 51. Ra8 Nf4 52.
Bxe4 Kxe4 53. Nxf3 Kxf3 54. h4 Kg3 55. hxg5 Re1# 0-1

[Event "ETCC Women 2013"]
[Site "Warsaw"]
[Date "2013.11.14"]
[Round "6"]
[White "Vasiliev, Olga"]
[Black "Machlik, Monika"]
[Result "1-0"]
[ECO "B04"]
[WhiteElo "2282"]
[BlackElo "1936"]
[PlyCount "115"]
[EventDate "2013.??.??"]
[EventCountry "POL"]
[WhiteTeam "Israel"]
[BlackTeam "Norway"]
[WhiteTeamCountry "ISR"]
[BlackTeamCountry "NOR"]
[TimeControl "40/5400+30:1800+30"]

1. e4 Nf6 2. e5 Nd5 3. d4 d6 4. Nf3 g6 5. Bc4 Nb6 6. Bb3 Bg7 7. Ng5 d5 8. f4 f6 9. Nf3 Nc6 10. O-O O-O 11. c3 Bf5 12. Nh4 e6 13. Nxf5 exf5 14. Nd2 Re8 15. Nf3 Qe7 16. Qe1 Nd8 17. Qg3 Qf7 18. h4 h5 19. Be3 Ne6 20.
Rad1 Rad8 21. Bc2 c6 22. b3 Re7 23. Bc1 Ree8 24. Kh1 a5 25. a4 Kh7 26. Rfe1 Nd7 27. c4 Nb6 28. c5 Nd7 29. Bd2 Ra8 30. Re2 Ndf8 31. Rb1 Kh8 32.
b4 axb4 33. Rxb4 Reb8 34. Re1 Rc8 35. Reb1 Rc7 36. Rb6 Ra7 37. a5 Nd7 38. Bd3 Nb8 39. R1b2 Kh7 40. Qe1 Kh8 41. g3 Re7 42.
Qb1 Nd8 43. a6 Nxa6 44. Ra2 Kh7 45. Bxa6 bxa6 46. Raxa6 Rxa6 47.
Rxa6 Rb7 48. Rb6 Ra7 49. Kg2 Qd7 50. Qe1 Ra2 51. Qe3 Ne6 52. Rb8 Qc7 53. exf6 Qxb8 54. Qxe6 Rxd2+ 55. Nxd2 Bxf6 56. Qxf6 Qe8 57.
Qe5 Qd8 58. Nf3 1-0

[Event "ETCC Women 2013"]
[Site "Warsaw"]
[Date "2013.11.14"]
[Round "6"]
[White "Videnova, Iva"]
[Black "Stojanovic, Andjelija"]
[Result "1/2-1/2"]
[ECO "B30"]
[WhiteElo "2272"]
[BlackElo "2293"]
[PlyCount "88"]
[EventDate "2013.??.??"]
[EventCountry "POL"]
[WhiteTeam "Bulgaria"]
[BlackTeam "Serbia"]
[WhiteTeamCountry "BUL"]
[BlackTeamCountry "SRB"]
[TimeControl "40/5400+30:1800+30"]

1. e4 c5 2. Nf3 Nc6 3. Bb5 e6 4. O-O Nge7 5. c3 a6 6. Ba4 b5 7. Bc2 Bb7 8.
Qe2 Ng6 9. g3 d5 10. e5 d4 11. Be4 d3 12. Qe3 c4 13. b3 Qc7 14. bxc4 bxc4 15. Na3 Na5 16. Bxb7 Qxb7 17. h4 Rc8 18. Rb1 Qd5 19. Re1 Bc5 20.
Qe4 O-O 21. h5 Qxe4 22. Rxe4 Ne7 23. Kg2 f5 24. exf6 Rxf6 25.
Nxc4 Rcf8 26. Nce5 Nac6 27. Rf4 Rxf4 28. gxf4 Rxf4 29. Nxd3 Rf5 30. Nxc5 Rxc5 31. Ba3 Rxh5 32. Rb6 Ra5 33. Bxe7 Nxe7 34. Rxe6 Kf7 35. Rd6 h6 36. c4 Nf5 37. Rc6 Rxa2 38. d4 Rc2 39. c5 a5 40.
Ra6 Ne3+ 41. Kg3 Nf1+ 42. Kg2 Ne3+ 43. Kg3 Nf1+ 44. Kg2 Ne3+ 1/2-1/2